 Dungeon Sprint DCSS version 0.32-a0-42-ga30500b4d3 (webtiles) character file.

Game seed: 5271395425341100936

61 rocky1 the Covered (level 4, -3/31 HPs)
             Began as a Gargoyle Fighter on Jan 29, 2024.
             Was an Initiate of Gozag.
             Slain by a warg (9 damage)
             ... in the Dungeon (Sprint VII: "The Pits").
             The game lasted 00:01:01 (514 turns).

rocky1 the Covered (Gargoyle Fighter)                Turns: 514, Time: 00:01:02

Health: -3/31      AC: 14    Str: 22    XL:     4   Next: 7%
Magic:  4/4        EV:  9    Int:  8    God:    Gozag
Gold:   639        SH:  4    Dex:  9    Spells: 3/3 levels left

rFire   . . .        p - +1 flail (heavy)
rCold   . . .        c - +0 buckler
rNeg    + . .        o - +3 scale mail
rPois   ∞            (no helmet)
rElec   +            (no cloak)
rCorr   .            (no gloves)
SInv    .            (no boots)
Will    .....        (no amulet) Stlth
                     (no ring)
HPRegen 0.25/turn    (no ring)
MPRegen 0.09/turn

%: no teleportation
@: hasted, very quick
A: sickness immunity, AC +3, negative energy resistance 1, electricity
resistance, torment resistance 1, petrification resistance
a: Renounce Religion, Potion Petition, Call Merchant, Bribe Branch


You were in the Dungeon.
You worshipped Gozag.
Gozag was pleased with you.
You visited 1 branch You collected 639 gold pieces.

Inventory:

Hand Weapons
 a - a +0 flail
 p - a +1 heavy flail (weapon)
Armour
 b - a +0 scale mail
 c - a +0 buckler (worn)
 o - a +3 scale mail (worn)
Scrolls
 j - a scroll of blinking
 l - 2 scrolls of vulnerability
 m - 5 scrolls of amnesia
 n - a scroll of butterflies
Potions
 d - a potion of might
 e - 6 potions of curing
 f - 6 potions of heal wounds
 h - 4 potions of magic
 i - 3 potions of berserk rage
 k - 2 potions of invisibility


   Skills:
 + Level 5.4 Fighting
 * Level 3.6 Maces & Flails
 + Level 5.6 Armour
 + Level 5.1 Shields


You had 3 spell levels left.
You didn't know any spells.
Your spell library was empty.

Dungeon Overview and Level Annotations

Branches:
Dungeon (1/1)

Altars:
Ashenzari
Cheibriados
Dithmenos
Elyvilon
Fedhas
Gozag
Hepliaklqana
Kikubaaqudgha
Makhleb
Nemelex Xobeh
Okawaru
Qazlal
Ru
Sif Muna
Trog
Uskayaw
Vehumet
Wu Jian
Xom
Yredelemnul
Zin
The Shining One
Jiyva
Lugonu


Innate Abilities, Weirdness & Mutations

You are immune to sickness and miasma.
Your stone body is resilient. (AC +3)
You are immune to poison.
You resist negative energy. (rN+)
You are resistant to electric shocks. (rElec)
You are resistant to unholy torment.
You are immune to petrification.


Message History

There is an open door here.
As you open the door, it creaks loudly!
A warg and an iron imp come into view.
The warg howls!
The iron imp shouts, "Fly, thou foppish motley-minded canker-blossom!"
You hear a shout! x2
There is an open door here.
You feel yourself speed up. The warg completely misses you.
The warg barely misses you.
You closely miss the warg.
The warg pauses to sniff the ground.
The warg barely misses you. The warg closely misses you.
You closely miss the warg. The warg barely misses you.
The warg closely misses you.
You hit the warg but do no damage. The warg closely misses you. x2
You sock the warg!
The warg is moderately wounded.
The warg bites you.
You sock the warg!
The warg is severely wounded.
The warg bites you but does no damage.
A dart slug comes into view.
The warg barely misses you.
The iron imp grins evilly.
You barely miss the warg.
The warg is severely wounded.
The warg bites you! You block the warg's attack.
You closely miss the warg.
The warg is severely wounded.
The warg barely misses you. The warg bites you.
You closely miss the warg.
The warg is severely wounded.
The warg bites you but does no damage. The warg bites you!
* * * LOW HITPOINT WARNING * * *
A centaur comes into view.
You barely miss the warg.
The warg is severely wounded.
The warg bites you!
You die...
Your body crumbles into a pile of gold.

#..(.')))'.##.....
##########.##.....
#..........)'.....
#'#####)#####.....
#.#..#...'.##.....
#.#..#...#.#####'#
#.#..#####.##.....
#.#..'...#.##.....
#@#..'.).).##.....
#h#..########...<.
#5#..'..)).##.....
#.#..#[))).##.....
#w###########.....
#....h..# ######
#.###...# #c# .#
#.#


You could see a warg, a centaur, an iron imp and a dart slug.

Vanquished Creatures
  Jessica (D)
  2 gnolls (D)
  An adder zombie (D)
  An orc (D)
  An endoplasm (D)
  A giant cockroach (D)
  4 jackals (D)
  A quokka (D)
12 creatures vanquished.

Notes
Turn   | Place    | Note
-------+----------+-------------------------------------------
     0 | D        | rocky1 the Gargoyle Fighter began the quest for the Orb.
     0 | D        | Reached XP level 1. HP: 14/14 MP: 1/1
    19 | D        | Reached XP level 2. HP: 16/20 MP: 2/2
    24 | D        | Found a bloodstained altar of Trog.
    24 | D        | Found a shimmering blue altar of Sif Muna.
    24 | D        | Found a viscous altar of Jiyva.
    24 | D        | Found a hazy altar of Hepliaklqana.
    24 | D        | Found an opulent altar of Gozag.
    46 | D        | Found a glowing golden altar of the Shining One.
    46 | D        | Found a glowing silver altar of Zin.
    46 | D        | Found a basalt altar of Yredelemnul.
    46 | D        | Found a shimmering altar of Xom.
    46 | D        | Found an ornate altar of the Wu Jian Council.
    46 | D        | Found a sacrificial altar of Ru.
    46 | D        | Found a stormy altar of Qazlal.
    46 | D        | Found an iron altar of Okawaru.
    46 | D        | Found a sparkling altar of Nemelex Xobeh.
    46 | D        | Found a burning altar of Makhleb.
    46 | D        | Found a blossoming altar of Fedhas.
    46 | D        | Found a white marble altar of Elyvilon.
    46 | D        | Found a shadowy altar of Dithmenos.
    46 | D        | Found a snail-covered altar of Cheibriados.
    49 | D        | Found a corrupted altar of Lugonu.
    49 | D        | Found a radiant altar of Vehumet.
    50 | D        | Found an ancient bone altar of Kikubaaqudgha.
    50 | D        | Found a hide-covered altar of Uskayaw.
    50 | D        | Found a broken altar of Ashenzari.
    53 | D        | Became a worshipper of Gozag Ym Sagoz the Greedy
   194 | D        | Reached XP level 3. HP: 14/25 MP: 3/3
   371 | D        | Noticed Jessica
   387 | D        | Reached skill level 5 in Armour
   389 | D        | Reached skill level 5 in Fighting
   403 | D        | Killed Jessica
   404 | D        | Reached skill level 5 in Shields
   404 | D        | Reached XP level 4. HP: 21/31 MP: 4/4
   499 | D        | Noticed a warg
   513 | D        | Noticed a centaur
   514 | D        | Slain by a warg

Illustrated notes

Levels and vault maps discovered:
D:        pitsprint [storerooms_1, entrance_room_1, metal_vault_5, armoury_1,
          mini_pit_1, grid_room_1, main_hall_1, silver_pit, the_coven_1,
          the_vestibule_1, steel_vault_5, golden_pit, hallway_of_sentries,
          crystal_vault_2, iron_vault_3, final_vault]

Skill      XL: |  1  2  3 |
---------------+----------+-----
Fighting       | 4 5 |  5.4
Armour         | 4 5 |  5.6
Shields        | 4 5 |  5.1
Maces & Flails | 3 |  3.6

Action                     |  1- 3 |  4- 6 || total
---------------------------+-------+-------++-------
  Melee: Flail             |    47 |     9 ||    56
    Use: Potion            |       |     1 ||     1
 Armour: Scale mail        |    30 |     7 ||    37
  Dodge: Dodged            |    23 |    10 ||    33
  Block: Buckler           |    13 |     1 ||    14

Table legend: (Time is in decaauts)
 A = Elapsed time spent in this place.
 B = Non-inter-level travel time spent in this place.
 C = Inter-level travel time spent in this place.
 D = Time resting spent in this place.
 E = Time spent auto-exploring this place.
 F = Levels seen in this place.
 G = Mean time per level.
                   A        B        C        D        E       F      G
               +--------+--------+--------+--------+--------+-----+--------+
         Total |    530 |    507 |     23 |    270 |      0 |   1 |  530.0 |
       Dungeon |    530 |    507 |     23 |    270 |      0 |   1 |  530.0 |
               +--------+--------+--------+--------+--------+-----+--------+

Top non-repeatable levels by time:
       D: 530 daAuts
